Map: [ESL] Oceanborn

Players

MacSed

  • Race: Protoss Protoss
  • Spawn Location: 5:00

Firefly - Winner!

  • Race: Protoss Protoss
  • Spawn Location: 11:00

Event: ESL SC2 Masters 2023 Winter (Regional)

VOD

Have the link to the VOD?

Description

Time

  • Played on: Oct. 27, 2023, 7:54 a.m.
  • Length: 5:52

All games in this series

Show
View Real Time Build Order
Export as new Build Order

MacSed Protoss 

Build Orders: Oracle Opening 

Get SALT Encoding   

  12  0:00  Probe  
  13  0:12  Probe  
  14  0:16  Pylon  
  14  0:24  Probe (Chrono Boost)  
  16  0:36  Gateway, Probe (Chrono Boost)  
  16  0:43  Probe (Chrono Boost)  
  16  0:45  Assimilator  
  17  0:50  Probe  
  17  0:54  Assimilator  
  18  1:03  Probe (Chrono Boost)  
  19  1:07  Gateway  
  19  1:15  Probe (Chrono Boost)  
  20  1:21  Probe (Chrono Boost)  
  20  1:24  Cybernetics Core  
  21  1:29  Probe  
  22  1:35  Pylon  
  22  1:41  Probe  
  23  1:53  Probe  
  24  2:00  Stalker x2  
  24  2:01  Warp Gate (Chrono Boost)  
  28  2:05  Probe  
  29  2:11  Pylon  
  29  2:17  Shield Battery  
  29  2:34  Probe  
  30  2:40  Stargate  
  29  2:50  Nexus  
  29  2:55  Shield Battery  
  29  2:58  Probe  
  30  3:10  Probe  
  30  3:12  Pylon  
  31  3:21  Oracle (Chrono Boost)  
  31  3:22  Probe  
  35  3:34  Probe  
  34  3:45  Stalker x2  
  37  3:48  Probe  
  37  3:51  Oracle  
  41  4:00  Probe  
  42  4:10  Stalker x2  
  45  4:17  Pylon  
  41  4:27  Shield Battery  
  34  4:59  Pylon  
  29  5:07  Void Ray (Chrono Boost)  
  16  5:28  Sentry  
Show
View Real Time Build Order
Export as new Build Order

Firefly Protoss - Winner!

Build Orders:  

Get SALT Encoding   

  12  0:00  Probe  
  13  0:12  Probe  
  14  0:17  Pylon  
  14  0:24  Probe  
  15  0:35  Gateway  
  15  0:36  Probe (Chrono Boost)  
  16  0:46  Assimilator, Probe (Chrono Boost)  
  17  0:51  Probe (Chrono Boost)  
  17  0:56  Assimilator  
  18  1:03  Probe (Chrono Boost)  
  19  1:07  Gateway  
  19  1:15  Probe (Chrono Boost)  
  20  1:20  Probe (Chrono Boost)  
  20  1:24  Cybernetics Core  
  21  1:29  Probe  
  22  1:35  Pylon  
  22  1:41  Probe  
  23  1:53  Probe  
  24  2:00  Warp Gate (Chrono Boost)  
  24  2:01  Stalker x2  
  28  2:11  Pylon  
  28  2:31  Stalker x2  
  32  2:42  Robotics Facility  
  31  2:58  Gateway  
  31  3:01  Stalker  
  31  3:03  Stalker  
  35  3:13  Pylon  
  35  3:24  Shield Battery  
  35  3:39  Warp Prism (Chrono Boost)  
  37  3:49  Stalker  
  37  4:08  Stalker x2  
  34  4:35  Stalker x3  
  40  5:05  Stalker x3  
  28  5:28  Stalker x2  
Tags
 
Add a new tag
Caveats
  • Supply blocks, unpowered buildings, or Contaminate may cause inaccurate times.
  • Supply counts are checked every 10 seconds.